 Dungeon Crawl Stone Soup version 0.13.0-65-g2bb7898 (webtiles) character file.

4257 Chiseanne the Nimble (level 10, -2/94 HPs)
             Began as a Troll Fighter on Nov 25, 2013.
             Was a Priest of Makhleb.
             Slain by a troll (5 damage)
             ... on Level 9 of the Dungeon.
             The game lasted 00:34:14 (7527 turns).

Chiseanne the Nimble (Troll Fighter)                Turns: 7527, Time: 00:34:15

HP  -2/94        AC 10     Str 26      XL: 10   Next:  0%
MP   6/6         EV 11     Int  7      God: Makhleb [***...]
Gold 357         SH 23     Dex  9      Spells:  0 memorised,  9 levels left

Res.Fire  : . . .   See Invis. : .   e - +1,+0 war axe
Res.Cold  : . . .   Warding    : .   w - +1 robe {rN+}
Life Prot.: + . .   Conserve   : .   a - +3 elf shield {AC+3}
Res.Poison: +       Res.Corr.  : .   (helmet restricted)
Res.Elec. : .       Clarity    : .   x - +0 cloak
Sust.Abil.: . .     Spirit.Shd : .   (gloves unavailable)
Res.Mut.  : .       Stasis     : .   (boots unavailable)
Res.Rott. : .       Flight     : .   (no amulet)
Gourmand  : +                        q - ring of poison resistance
                                     m - cursed ring of sustenance

@: somewhat resistant to hostile enchantments, very unstealthy
A: unfitting armour, claws 3, fast metabolism 3, gourmand, regeneration 2,
saprovore 2, tough skin 2, AC +1
a: Minor Destruction, Lesser Servant of Makhleb, Renounce Religion


You were on level 9 of the Dungeon.
You worshipped Makhleb.
Makhleb was most pleased with you.
You were very full.

You visited 2 branches of the dungeon, and saw 10 of its levels.

You collected 337 gold pieces.

Inventory:

Hand weapons
 e - a +1,+0 war axe (weapon)
 h - a +3,+1 mace of holy wrath
 l - a +2,+4 quarterstaff of chaos
 u - a +2,+2 whip of flaming
 v - a +0 blowgun
Missiles
 g - 39 darts (quivered)
 o - 14 poisoned needles
 y - 2 curare-tipped needles
Armour
 a - a +3 elven shield of protection (worn)
 w - a +1 robe of positive energy (worn)
 x - a +0 cloak (worn)
Magical devices
 b - a wand of magic darts (3)
 k - a wand of lightning (0)
Comestibles
 d - 4 meat rations
 i - 9 bread rations
Scrolls
 c - 3 scrolls of recharging
 f - 5 scrolls of identify
 r - a scroll of remove curse
Jewellery
 m - a cursed ring of sustenance (left claw)
 n - a +2 ring of intelligence
 q - a ring of poison resistance (right claw)
 t - an uncursed ring of wizardry
Potions
 j - a potion of curing
 p - 2 potions of cure mutation
Books
 s - a Necronomicon {highlevel}

   This book is beyond your current level of understanding.

   Spells                             Type                      Level
   Borgnjor's Revivification          Necromancy                   7
   Haunt                              Necromancy/Summoning         7
   Death's Door                       Charms/Necromancy            8
   Necromutation                      Transmutation/Necromancy     8


   Skills:
 * Level 4.5 Fighting
 - Level 5.0 Axes
 * Level 0.6 Maces & Flails
 * Level 3.7 Armour
 * Level 8.1 Dodging
 * Level 5.8 Shields
 * Level 1.8 Invocations


You had 9 spell levels left.
You didn't know any spells.

Dungeon Overview and Level Annotations

Branches:
Dungeon (9/27)             Temple (1/1) D:5
    Orc: D:6-11        Lair: D:8-13

Altars:
Ashenzari
Cheibriados
Elyvilon
Fedhas
Kikubaaqudgha
Makhleb
Nemelex Xobeh
Okawaru
Sif Muna
Vehumet
Xom
Yredelemnul
Zin
the Shining One

Shops:
D:7 +[

Portals:
Ziggurat: D:3 (6800 gp)


Innate Abilities, Weirdness & Mutations

You are too large for most types of armour.
You have claws for hands.
Your metabolism is lightning-fast.
You like to eat raw meat.
You heal very quickly.
You can eat rotten meat.
You are covered in fur (AC +1).
You have very tough skin (AC +2).


Message History

You block the troll's attack.
Evoke which item? (* to show all) (? for menu, Esc to quit)
Okay, then.
You slash the troll!
The troll is severely wounded.
The troll barely misses you. You block the troll's attack. The troll claws you!
* * * LOW HITPOINT WARNING * * *
You barely miss the troll.
The troll is severely wounded.
You block the troll's attack. The troll claws you.
* * * LOW HITPOINT WARNING * * *
You closely miss the troll.
The troll is severely wounded.
The troll bites you!
* * * LOW HITPOINT WARNING * * *
The troll barely misses you. The troll claws you.
* * * LOW HITPOINT WARNING * * *
You block the troll's attack. The troll claws you.
You die...

########################
.........................
..........####...........
..........# #...........
..........# #......#####
########..# #......#
.......#..# #......#
........#..# #...<..#
.......oT@.# #.)....#
###+#####..# #......#
.............#
..............#
.....######....# ##....#
#.<..# #....# #...>#
###..# ....# ##.


You could see a troll and an orc.

Vanquished Creatures
  Pikel (D:7)
  A spriggan (D:7)
  Eustachio (D:5)
  A hungry ghost (D:7)
  Menkaure (D:7)
  An ice beast (D:6)
  3 sky beasts
  An orc warrior (D:7)
  A phantom (D:4)
  3 centaurs
  5 ogres
  4 giant frogs
  Blork the orc (D:5)
  A hippogriff skeleton (D:6)
  2 goliath beetles
  5 crimson imps
  5 hounds
  A jelly (D:7)
  5 orc priests
  Crazy Yiuf (D:7)
  A quasit (D:5)
  6 orc wizards
  6 worker ants
  3 scorpions
  3 iguanas
  Ijyb (D:5)
  7 adders
  3 lemures (D:5)
  A shadow imp (D:5)
  5 worms
  A white imp (D:5)
  An iguana zombie (D:3)
  2 giant eyeballs
  An iguana skeleton (D:8)
  3 giant geckos
  2 oozes (D:3)
  20 orcs
  A bat zombie (D:3)
  3 giant cockroaches (D:3)
  A gnoll zombie (D:8)
  12 hobgoblins
  4 jackals (D:2)
  4 quokkas
  2 ball pythons
  17 bats
  A giant gecko skeleton (D:5)
  6 giant newts
  8 goblins
  23 kobolds
  11 rats
  A rat skeleton (D:4)
204 creatures vanquished.

Vanquished Creatures (others)
  An orc wizard (D:6)
  An adder (D:7)
  A hobgoblin skeleton (D:7)
  A kobold (D:7)
4 creatures vanquished.

Grand Total: 208 creatures vanquished

Notes
Turn   | Place    | Note
--------------------------------------------------------------
     0 | D:1      | Chiseanne, the Troll Fighter, began the quest for the Orb.
     0 | D:1      | Reached XP level 1. HP: 23/23 MP: 0/0
   242 | D:1      | Reached XP level 2. HP: 31/31 MP: 0/0
   715 | D:2      | Reached XP level 3. HP: 37/37 MP: 1/1
   958 | D:2      | Reached skill level 3 in Dodging
  1215 | D:2      | Reached XP level 4. HP: 46/46 MP: 1/1
  1563 | D:3      | Reached skill level 1 in Armour
  1831 | D:3      | Found an ancient bone altar of Kikubaaqudgha.
  2045 | D:3      | Found a gateway to a ziggurat.
  2156 | D:3      | Noticed a giant frog
  2171 | D:3      | Killed a giant frog
  2171 | D:3      | Reached XP level 5. HP: 16/53 MP: 1/1
  2265 | D:3      | Reached skill level 4 in Dodging
  2656 | D:4      | Reached XP level 6. HP: 38/62 MP: 2/2
  2745 | D:4      | Noticed an ogre
  2745 | D:4      | Noticed a phantom
  2754 | D:4      | Killed an ogre
  2761 | D:4      | Killed a phantom
  2976 | D:4      | Noticed an ogre
  2982 | D:4      | Killed an ogre
  2982 | D:4      | Reached XP level 7. HP: 51/68 MP: 2/2
  3202 | D:4      | Reached skill level 5 in Dodging
  3270 | D:5      | Entered Level 5 of the Dungeon
  3274 | D:5      | Found a staircase to the Ecumenical Temple.
  3282 | D:5      | Found a glowing silver altar of Zin.
  3285 | D:5      | Noticed Eustachio
  3289 | Temple   | Entered the Ecumenical Temple
  3452 | Temple   | Became a worshipper of Makhleb the Destroyer
  3678 | D:5      | Found an iron altar of Okawaru.
  3763 | D:5      | Killed Eustachio
  3893 | D:5      | Noticed Ijyb
  3908 | D:5      | Killed Ijyb
  3945 | D:5      | Found a basalt altar of Yredelemnul.
  3994 | D:5      | Noticed Blork the orc
  3998 | D:5      | Paralysed by a potion of paralysis for 3 turns
  4035 | D:5      | Killed Blork the orc
  4345 | D:5      | Reached XP level 8. HP: 73/78 MP: 2/2
  4738 | D:6      | Paralysed by a giant eyeball for 3 turns
  4745 | D:6      | Paralysed by a giant eyeball for 4 turns
  4809 | D:6      | Acquired Makhleb's first power
  4932 | D:6      | Reached skill level 6 in Dodging
  5691 | D:7      | Noticed a spriggan baker
  5692 | D:7      | Reached XP level 9. HP: 85/85 MP: 3/3
  5731 | D:7      | Killed a spriggan baker
  5731 | D:7      | Acquired Makhleb's second power
  5731 | D:7      | Reached skill level 7 in Dodging
  5825 | D:7      | Reached skill level 5 in Shields
  5860 | D:7      | Noticed Pikel
  5895 | D:7      | Killed Pikel
  5984 | D:7      | Noticed Menkaure
  5992 | D:7      | Killed Menkaure
  6091 | D:7      | Found Usedaeny's Antique Armour Emporium.
  6254 | D:7      | Found Daram's Book Shoppe.
  6287 | D:7      | Noticed Crazy Yiuf
  6291 | D:7      | Paralysed by Crazy Yiuf for 6 turns
  6308 | D:7      | Killed Crazy Yiuf
  6308 | D:7      | Reached skill level 1 in Invocations
  6929 | D:8      | Acquired Makhleb's third power
  6967 | D:8      | Reached skill level 8 in Dodging
  7018 | D:8      | Reached skill level 5 in Axes
  7337 | D:8      | Reached XP level 10. HP: 94/94 MP: 6/6
  7527 | D:9      | HP: 4/94 [troll (10)]
  7527 | D:9      | Slain by a troll

Action                   |  1- 3 |  4- 6 |  7- 9 | 10-12 || total
-------------------------+-------+-------+-------+-------++-------
Melee: Hand axe          |   123 |   253 |   126 |       ||   502
       War axe           |       |       |   459 |    25 ||   484
       Mace              |       |       |     3 |       ||     3
 Fire: Blowgun           |       |       |     3 |       ||     3
Evoke: Wand              |       |       |    18 |     1 ||    19
  Use: Scroll            |     2 |       |    18 |     1 ||    21
       Potion            |       |     5 |     5 |     1 ||    11
